 Dungeon Crawl Stone Soup version 0.32-a0-656-g3542139ebd (webtiles) character file.

Game seed: 5048570759725813089

19635 pokeman the Eclecticist (level 12, -4/63 (70) HPs)
             Began as a Deep Elf Hedge Wizard on Mar 8, 2024.
             Slain by a soul eater (12 damage)
             ... in a Gauntlet.
             The game lasted 00:44:03 (15150 turns).

pokeman the Eclecticist (Deep Elf Hedge Wizard)    Turns: 15150, Time: 00:44:04

HP:   -4/63 (70)    AC: 14    Str:  7    XL:     12   Next: 38%
MP:   31/36         EV: 17    Int: 25    God:
Gold: 940           SH:  0    Dex: 14    Spells: 32/47 levels left

rFire   + + .        N - +9 lance "Wyrmbane" {slay drac, rPois rF+ rC+ AC+3}
rCold   + . .        (no shield)
rNeg    . . .        v - +2 leather armour {rPois}
rPois   +            n - +2 hat
rElec   .            (no cloak)
rCorr   .            (no gloves)
SInv    .            y - +2 pair of boots
Will    +....        (no amulet)
Stlth   ++           r - +5 ring of evasion
HPRegen 0.30/turn    C - ring of protection from fire
MPRegen 0.25/turn

%: no teleportation
@: heavily drained
A: sense surroundings 1
a: no special abilities


You were in a Gauntlet.
You visited 2 branches of the dungeon, and saw 14 of its levels.
You also visited: Sewer and Gauntlet.

You collected 940 gold pieces.

Inventory:

Hand Weapons
 b - a +3 short sword of venom
 s - a +1 whip of electrocution
 N - the +9 lance "Wyrmbane" (weapon) {slay drac, rPois rF+ rC+ AC+3}
   (You took it off Maggie on level 7 of the Dungeon)

   AC+3:      It affects your AC (+3).
   rF+:       It protects you from fire.
   rC+:       It protects you from cold.
   rPois:     It protects you from poison.
Missiles
 L - 2 throwing nets
Armour
 c - a scarf of invisibility
 n - a +2 hat (worn)
 v - a +2 leather armour of poison resistance (worn)
 y - a +2 pair of boots (worn)
 O - +0 swamp dragon scales
 P - +0 acid dragon scales
Magical Staves
 J - a staff of alchemy
Jewellery
 r - a +5 ring of evasion (left hand)
 C - a ring of protection from fire (right hand)
Wands
 t - a wand of flame (40)
 B - a wand of iceblast (4)
 I - a wand of acid (6)
 M - a wand of mindburst (1)
Scrolls
 f - a scroll of poison
 h - 3 scrolls of enchant weapon
 k - 2 scrolls of revelation
 o - 2 scrolls of noise
 p - 5 scrolls of teleportation
 w - a scroll of immolation
 x - 5 scrolls of fear
 E - 2 scrolls of torment
 F - a scroll of enchant armour {unknown}
 G - a scroll of fog {unknown}
 H - a scroll of amnesia {unknown}
 K - a scroll of brand weapon {unknown}
 R - a scroll of silence {unknown}
Potions
 a - 3 potions of lignification
 d - 3 potions of magic
 g - 2 potions of haste
 i - 3 potions of might
 j - 5 potions of curing
 l - 6 potions of heal wounds
 m - 2 potions of cancellation {unknown}
 q - 2 potions of attraction {unknown}
 u - a potion of experience {unknown}
 z - a potion of invisibility {unknown}
 A - 2 potions of ambrosia {unknown}
 D - 3 potions of enlightenment {unknown}
 Q - a potion of degeneration {unknown}


   Skills:
 - Level 6.0 Fighting
 + Level 5.5 Armour
 - Level 3.2 Dodging
 - Level 3.3 Stealth
 * Level 18.3 Spellcasting
 + Level 11.0 Conjurations
 - Level 1.0 Hexes
 - Level 1.1 Summonings
 + Level 5.4 Necromancy
 - Level 1.1 Translocations
 - Level 1.1 Air Magic
 - Level 1.0 Alchemy
 - Level 1.0 Evocations


You had 32 spell levels left.
You knew the following spells:

 Your Spells              Type           Power      Damage    Failure   Level
a - Magic Dart            Conj           100%       1d8       1%          1
b - Mephitic Cloud        Conj/Alch/Air  45%        N/A       1%          3
c - Call Imp              Summ           56%        N/A       2%          2
d - Blink                 Tloc           56%        N/A       2%          2
e - Confusing Touch       Hex            27%        N/A       6%          3
f - Dispel Undead         Necr           50%        3d19      3%          4

Your spell library contained the following spells:

 Spells                   Type           Power      Damage    Failure   Level
 Apportation              Tloc           56%        N/A       1%          1
 Necrotise                Necr           100%       1d9       1%          1
 Slow                     Hex            100%       N/A       1%          1
 Cigotuvi's Dreadful Rot  Necr/Alch/Air  70%        N/A       1%          2
 Sublimation of Blood     Necr           50%        N/A       1%          2
 Vampiric Draining        Necr           50%        2d9       1%          3
 Jinxbite                 Hex            54%        N/A       3%          2
 Call Canine Familiar     Summ           28%        N/A       5%          3
 Sigil of Binding         Hex            27%        N/A       6%          3
 Martyr's Knell           Necr/Summ      39%        N/A       8%          4
 Dimensional Bullseye     Hex/Tloc       14%        N/A       19%         4
 Death Channel            Necr           25%        N/A       43%         6
 Alistair's Intoxication  Alch           18%        N/A       45%         5
 Summon Hydra             Summ           14%        N/A       100%        7


Dungeon Overview and Level Annotations

Branches:
Dungeon (13/15)            Temple (1/1) D:4            Lair (0/5) D:10
    Orc (0/2) D:10          Sewer (visited)         Gauntlet (1/1)
 Vaults: D:13-14

Altars:
Ashenzari
Cheibriados
Dithmenos
Elyvilon
Fedhas
Gozag
Hepliaklqana
Kikubaaqudgha
Makhleb
Nemelex Xobeh
Okawaru
Qazlal
Ru
Sif Muna
Trog
Uskayaw
Vehumet
Wu Jian
Xom
Yredelemnul
Zin
The Shining One

Shops:
D:12 :   D:13 [

Annotations:
Gauntlet 15 transporters, 18 runed translucent doors


Innate Abilities, Weirdness & Mutations

You passively map a small area around you.


Message History

Aiming: Corrosive Bolt
Press: ? - help, Shift-Dir - straight line, f/p - soul eater
Aim: a soul eater (moderately wounded, 71% to hit)
The bolt of acid hits the soul eater but does no damage.
The soul eater is moderately wounded.
The soul eater hits you!
* * * LOW HITPOINT WARNING * * *
You feel drained.
* * * LOW HITPOINT WARNING * * *
Casting: Blink (safe; 2% risk of failure)
Confirm with . or Enter, or press ? or * to list all spells.
You blink.
Aiming: Corrosive Bolt
Press: ? - help, Shift-Dir - straight line, f/p - soul eater
Aim: a soul eater (moderately wounded, 71% to hit)
The bolt of acid hits the soul eater!
The acid corrodes the soul eater!
The soul eater is moderately wounded.
Aiming: Corrosive Bolt
Press: ? - help, Shift-Dir - straight line, f/p - soul eater
Aim: a soul eater (moderately wounded, covered in acid, 71% to hit)
The bolt of acid hits the soul eater.
The soul eater seems to be corroded for longer.
The soul eater is moderately wounded.
Unknown command.
Aiming: Corrosive Bolt
Press: ? - help, Shift-Dir - straight line, f/p - soul eater
Aim: a soul eater (moderately wounded, covered in acid, 71% to hit)
The bolt of acid hits the soul eater!
The soul eater is heavily wounded.
The soul eater draws from the surrounding life force!
* * * LOW HITPOINT WARNING * * *
The soul eater is healed.
Aiming: Corrosive Bolt
Press: ? - help, Shift-Dir - straight line, f/p - soul eater
Aim: a soul eater (heavily wounded, covered in acid, 71% to hit)
The bolt of acid hits the soul eater but does no damage.
The soul eater is heavily wounded.
You feel ready to blink again.
The soul eater draws from the surrounding life force!
You die...

###################.∩
#≈...................
###...................©
#ß#..###########.######
###..##.#.###..#.#.....
#....#.......#.#.#.##..
###....#.##.#.#.##.#.#.##
#ß#..###!####....#.#..##.
###..#©#@.####.###.#....©
#..#.#.####.#.##.#..##. ### ###
###..#.##3.#..##.#.#.#.## #ß# #ß#
#ß#..#.#.#..#..#.#.#.##..
###########..#.####...©###.#...)©
.............#.##################
.............#.#≈≈ß≈≈#©.........©
.#############.##################
.#©...........©...........©#§§≈≈ß


You could see a soul eater (corroded).

Vanquished Creatures
  Harold (D:9)
  A boulder beetle (D:12)
  2 centaur warriors
  4 two-headed ogres
  Urug (D:11)
  A deep elf pyromancer (D:12)
  Pikel (D:7)
  2 cyclopes
  3 manticores
  Joseph (D:9)
  Maggie (D:7)
  2 komodo dragons (D:10)
  4 trolls
  A blink frog (shapeshifter) (D:13)
  14 slime creatures
  A vampire (D:10)
  2 shadows
  A wraith (D:10)
  4 wyverns
  4 yaks (D:12)
  A steam dragon (D:8)
  7 vampire mosquitoes
  2 chaos spawn (Gauntlet)
  A neqoxec (Gauntlet)
  Menkaure (D:6)
  An acid dragon (D:10)
  A water moccasin (D:5)
  Duvessa (D:5)
  3 black bears
  2 ice beasts
  2 sky beasts (D:6)
  3 orc warriors
  A crocodile (Sewer)
  A phantom (D:6)
  2 centaurs
  3 lemures (D:7)
  4 kobold brigands
  Blork the orc (D:4)
  A gnoll sergeant (D:8)
  2 bullfrogs (D:8)
  A scorpion (D:7)
  A wight (D:7)
  Dowan (D:5)
  9 killer bees
  2 electric eels (D:7)
  3 howler monkeys
  A bombardier beetle (D:6)
  4 hounds
  5 orc priests
  2 gnoll boudas
  A sleepcap (D:5)
  2 iguanas
  9 orc wizards
  8 gnolls (D:8)
  7 adders
  3 shadow imps
  2 ufetubi (D:7)
  2 dart slugs
  4 ribbon worms
  33 orcs
  4 bats
  4 endoplasms
  7 giant cockroaches
  9 goblins
  7 hobgoblins
  7 jackals
  30 kobolds
  7 quokkas
  6 ball pythons
  A frilled lizard (D:3)
  7 rats
280 creatures vanquished.

Vanquished Creatures (collateral kills)
  A vampire mosquito (D:11)
  A scorpion (D:5)
2 creatures vanquished.

Vanquished Creatures (others)
  An electric eel (D:7)
1 creature vanquished.

Grand Total: 283 creatures vanquished

Notes
Turn   | Place    | Note
-------+----------+-------------------------------------------
     0 | D:1      | pokeman the Deep Elf Hedge Wizard began the quest for the
                  | Orb.
     0 | D:1      | Reached XP level 1. HP: 10/10 MP: 7/7
   216 | D:1      | Reached XP level 2. HP: 16/16 MP: 4/9
   530 | D:1      | You fall into a shaft and drop 1 floor!
   841 | D:1      | Reached skill level 5 in Spellcasting
   953 | D:1      | Reached XP level 3. HP: 20/20 MP: 8/11
   957 | D:1      | Learned a level 3 spell: Mephitic Cloud
   960 | D:1      | Learned a level 2 spell: Call Imp
   963 | D:1      | Learned a level 2 spell: Blink
  1250 | D:2      | Found an iron altar of Okawaru.
  1709 | D:3      | Reached skill level 1 in Fighting
  1709 | D:3      | Reached skill level 1 in Armour
  1709 | D:3      | Reached XP level 4. HP: 24/25 MP: 4/13
  2120 | D:3      | Found a white marble altar of Elyvilon.
  2132 | D:3      | Found a blossoming altar of Fedhas.
  2133 | D:3      | Found a broken altar of Ashenzari.
  2271 | D:3      | Found a glowing silver altar of Zin.
  2655 | D:4      | Found a staircase to the Ecumenical Temple.
  2673 | Temple   | Entered the Ecumenical Temple
  2720 | D:4      | Found a glowing drain.
  2736 | D:4      | Reached skill level 6 in Spellcasting
  2804 | Sewer    | Entered a sewer
  2852 | Sewer    | Reached XP level 5. HP: 29/29 MP: 10/15
  2955 | Sewer    | Noticed a crocodile
  2968 | Sewer    | Killed a crocodile
  3086 | D:4      | Noticed a wyvern
  3096 | D:4      | Killed a wyvern
  3097 | D:4      | Reached skill level 7 in Spellcasting
  3097 | D:4      | Reached skill level 1 in Air Magic
  3097 | D:4      | Reached skill level 1 in Alchemy
  3097 | D:4      | Reached skill level 1 in Evocations
  3097 | D:4      | Reached XP level 6. HP: 34/34 MP: 9/18
  3690 | D:4      | Reached XP level 7. HP: 31/39 MP: 15/20
  3697 | D:4      | Noticed Blork the orc
  3709 | D:4      | Killed Blork the orc
  3808 | D:4      | Reached skill level 8 in Spellcasting
  4137 | D:5      | Entered Level 5 of the Dungeon
  4332 | D:5      | Noticed Duvessa
  4332 | D:5      | Noticed Dowan
  4355 | D:5      | Killed Duvessa
  4362 | D:5      | Killed Dowan
  4363 | D:5      | Reached skill level 9 in Spellcasting
  4469 | D:5      | Reached XP level 8. HP: 44/44 MP: 5/23
  4974 | D:5      | Reached skill level 5 in Conjurations
  5425 | D:6      | Found a shimmering blue altar of Sif Muna.
  5426 | D:6      | Found an ancient bone altar of Kikubaaqudgha.
  5426 | D:6      | Found a radiant altar of Vehumet.
  5429 | D:6      | Got Kikubaaqudgha's Quarto of Unholy Mysteries
  5516 | D:6      | Reached skill level 10 in Spellcasting
  5677 | D:6      | Noticed Menkaure
  5691 | D:6      | Killed Menkaure
  5702 | D:6      | Reached skill level 11 in Spellcasting
  6255 | D:7      | Noticed Pikel
  6291 | D:7      | Killed Pikel
  6292 | D:7      | Reached XP level 9. HP: 34/50 MP: 21/26
  6446 | D:7      | Noticed Maggie
  6617 | D:7      | Reached skill level 12 in Spellcasting
  6924 | D:7      | Found a hide-covered altar of Uskayaw.
  7901 | D:8      | Reached skill level 13 in Spellcasting
  8141 | D:8      | Found a glowing golden altar of the Shining One.
  8397 | D:9      | Noticed a manticore
  8421 | D:9      | Killed a manticore
  8422 | D:9      | Reached XP level 10. HP: 30/56 MP: 21/29
  8658 | D:9      | Noticed a two-headed ogre
  8671 | D:9      | Killed a two-headed ogre
  8672 | D:9      | Reached skill level 14 in Spellcasting
  8973 | D:9      | Noticed Harold
  8995 | D:9      | Killed Harold
  9200 | D:9      | Noticed Joseph
  9217 | D:9      | Killed Joseph
  9658 | D:7      | Learned a level 3 spell: Confusing Touch
  9703 | D:7      | Killed Maggie
  9704 | D:7      | Reached skill level 15 in Spellcasting
  9755 | D:10     | Entered Level 10 of the Dungeon
  9785 | D:10     | Found a staircase to the Orcish Mines.
  9914 | D:10     | Noticed a two-headed ogre
  9924 | D:10     | Reached skill level 5 in Armour
  9928 | D:10     | Killed a two-headed ogre
  9982 | D:10     | Found a hazy altar of Hepliaklqana.
 10213 | D:10     | Found an ornate altar of the Wu Jian Council.
 10327 | D:10     | Reached XP level 11. HP: 40/62 MP: 27/32
 10415 | D:10     | Found a staircase to the Lair.
 11437 | D:11     | Reached skill level 16 in Spellcasting
 11599 | D:11     | Reached skill level 1 in Hexes
 11645 | D:11     | Noticed a centaur warrior
 11656 | D:11     | Killed a centaur warrior
 11884 | D:11     | Reached skill level 5 in Fighting
 12013 | D:11     | Learned a level 4 spell: Dispel Undead
 12127 | D:11     | Noticed Urug
 12132 | D:11     | Killed Urug
 12133 | D:11     | Reached skill level 1 in Necromancy
 12166 | D:11     | Noticed a two-headed ogre
 12181 | D:11     | Killed a two-headed ogre
 12182 | D:11     | Reached skill level 10 in Conjurations
 12489 | D:11     | Noticed a two-headed ogre
 12513 | D:11     | Killed a two-headed ogre
 12514 | D:11     | Reached skill level 17 in Spellcasting
 12747 | D:12     | Noticed a deep elf pyromancer
 12776 | D:12     | Killed a deep elf pyromancer
 13623 | D:12     | Reached XP level 12. HP: 69/69 MP: 31/35
 13939 | D:12     | Noticed a boulder beetle
 13971 | D:12     | Killed a boulder beetle
 14191 | D:12     | Reached skill level 18 in Spellcasting
 14438 | D:12     | Found Munis's Book Emporium.
 14461 | D:12     | Reached skill level 5 in Necromancy
 14778 | D:13     | Noticed a centaur warrior
 14783 | D:13     | Noticed a death knight
 14783 | D:13     | Found Xaxoimog's Antique Armour Shop.
 14784 | D:13     | Killed a centaur warrior
 14815 | D:13     | Found a gate leading to a gauntlet.
 14823 | Gauntlet | Entered a Gauntlet
 14823 | Gauntlet | Found a transporter.
 14841 | Gauntlet | Found a transporter.
 14843 | Gauntlet | Found a transporter.
 14845 | Gauntlet | Found a transporter.
 14860 | Gauntlet | Found a transporter.
 14875 | Gauntlet | Found a transporter.
 14881 | Gauntlet | Noticed a great orb of eyes
 14882 | Gauntlet | Found a transporter.
 14888 | Gauntlet | Noticed a ghost crab
 14897 | Gauntlet | Found a transporter.
 14916 | Gauntlet | Found a transporter.
 14928 | Gauntlet | Found a transporter.
 14944 | Gauntlet | Found a large runed translucent door.
 14945 | Gauntlet | Found a large runed translucent door.
 14946 | Gauntlet | Found a large runed translucent door.
 14946 | Gauntlet | Found a large runed translucent door.
 14947 | Gauntlet | Found a runed translucent gate.
 14948 | Gauntlet | Found a transporter.
 14948 | Gauntlet | Found a runed translucent gate.
 14949 | Gauntlet | Found a runed translucent gate.
 14950 | Gauntlet | Found a large runed translucent door.
 14950 | Gauntlet | Found a large runed translucent door.
 14951 | Gauntlet | Found a large runed translucent door.
 14952 | Gauntlet | Found a large runed translucent door.
 14960 | Gauntlet | Found a transporter.
 14972 | Gauntlet | Found a transporter.
 14989 | Gauntlet | Found a transporter.
 15006 | Gauntlet | Found a transporter.
 15008 | Gauntlet | Found a transporter.
 15040 | Gauntlet | Gained mutation: You passively map a small area around you.
                  | [a neqoxec]
 15103 | Gauntlet | Found a transporter.
 15104 | Gauntlet | Found a transporter.
 15106 | Gauntlet | Found a large runed translucent door.
 15106 | Gauntlet | Found a large runed translucent door.
 15108 | Gauntlet | Found a large runed translucent door.
 15109 | Gauntlet | Found a large runed translucent door.
 15109 | Gauntlet | Found a large runed translucent door.
 15109 | Gauntlet | Found a runed translucent door.
 15109 | Gauntlet | Found a runed translucent door.
 15150 | Gauntlet | Slain by a soul eater

Illustrated notes

Levels and vault maps discovered:
D:1:      dpeg_arrival_shelter, layout_basic
D:2:      layout_rooms, basic_altar
D:3:      layout_rooms, minitemple, zin_statuary
D:4:      cheibrodos_pilgrimage, layout_basic,
          minmay_temple_entry_statues_pillars, portal_sewer_entry_f,
          uniq_blork_the_orc
D:5:      layout_basic, uniq_duvessa
D:6:      layout_loops_ring, grunt_temple_overflow_magic_moments, uniq_menkaure
D:7:      layout_loops_cross, lemuel_crystal_altar, serial_bayou,
          serial_bayou_pond_b, serial_bayou_pond_a, serial_bayou_shore_a,
          serial_bayou_shore_b, serial_bayou_pond_a, serial_bayou_pond_c,
          kennysheep_generic_room_2, uniq_pikel, uniq_maggie
D:8:      layout_basic, tso_oasis_becter
D:9:      layout_basic, uniq_joseph, uniq_harold
D:10:     layout_basic, mainiacjoe_overflow_chevrons, nzn_wu_jian_contemplation,
          david_lair_shrubbed, orc_0_dummy
D:11:     layout_roguey, uniq_urug
D:12:     layout_rooms, serial_shops, shop_fountains, grunt_ministairs_14
D:13:     layout_loops_ring, gauntlet_entry_generic, serial_shops, shop,
          nicolae_shop_peninsula
Temple:   chequers_temple_sunken
Gauntlet: gammafunk_gauntlet_one_two_three [gammafunk_gauntlet_arena_corners,
          gammafunk_gauntlet_arena_hedges, gammafunk_gauntlet_arena_mazey,
          nicolae_gauntlet_arena_quarters, nicolae_gauntlet_swirl,
          minmay_gauntlet_arena_make_your_own_arena,
          nicolae_gauntlet_arena_t_cross, nicolae_gauntlet_arena_flowing_pool,
          nicolae_gauntlet_arena_grate_2,
          nicolae_gauntlet_exit_dead_adventurers]

Skill      XL: |  1  2  3  4  5  6  7  8  9 10 11 12 |
---------------+-------------------------------------+-----
Spellcasting   | 5 6 7 9 11 13 15 17 18 | 18.3
Fighting       | 1 2 3 4 5 6 |  6.0
Armour         | 1 2 3 5 |  5.5
Conjurations   | 2 3 4 6 7 9 10 11 | 11.0
Dodging        | 3 |  3.2
Stealth        | 3 |  3.3
Air Magic      | 1 |  1.1
Alchemy        | 1 |  1.0
Evocations     | 1 |  1.0
Hexes          | 1 |  1.0
Necromancy     | 4 5 |  5.4
Summonings     | |  1.1
Translocations | |  1.1

Action                     |  1- 3 |  4- 6 |  7- 9 | 10-12 || total
---------------------------+-------+-------+-------+-------++-------
  Melee: Short sword       |     9 |    14 |   211 |    63 ||   297
         Whip              |       |    35 |    21 |       ||    56
         Lance             |       |       |       |   432 ||   432
   Cast: Magic Dart        |    93 |   119 |   120 |   165 ||   497
         Mephitic Cloud    |     1 |     8 |    38 |    52 ||    99
         Call Imp          |       |     1 |     8 |     8 ||    17
         Blink             |       |       |     2 |     7 ||     9
         Confusing Touch   |       |       |       |    30 ||    30
  Evoke: Wand              |       |       |     8 |    25 ||    33
    Use: Scroll            |       |       |       |    14 ||    14
   Stab: Confused          |     3 |     3 |    26 |    54 ||    86
         Sleeping          |       |     1 |       |       ||     1
         Paralysed         |       |       |       |    14 ||    14
         Distracted        |       |       |       |     1 ||     1
 Armour: Robe              |    10 |    29 |    12 |       ||    51
         Leather armour    |       |       |    74 |   204 ||   278
  Dodge: Dodged            |    11 |    39 |   167 |   302 ||   519

Table legend: (Time is in decaauts)
 A = Elapsed time spent in this place.
 B = Non-inter-level travel time spent in this place.
 C = Inter-level travel time spent in this place.
 D = Time resting spent in this place.
 E = Time spent auto-exploring this place.
 F = Levels seen in this place.
 G = Mean time per level.
                   A        B        C        D        E       F      G
               +--------+--------+--------+--------+--------+-----+--------+
         Total |  15233 |  14818 |    415 |    827 |  10771 |  16 |  952.1 |
       Dungeon |  14618 |  14203 |    415 |    816 |  10520 |  13 | 1124.5 |
        Temple |      1 |      1 |      0 |      0 |      0 |   1 |    1.0 |
         Sewer |    281 |    281 |      0 |      0 |    240 |   1 |  281.0 |
      Gauntlet |    331 |    331 |      0 |     11 |     11 |   1 |  331.0 |
               +--------+--------+--------+--------+--------+-----+--------+

Top non-repeatable levels by time:
    D:12: 1735 daAuts
    D:11: 1652 daAuts
     D:9: 1520 daAuts
    D:10: 1434 daAuts
     D:7: 1388 daAuts
     D:4: 1386 daAuts
     D:5: 1167 daAuts
     D:1: 1029 daAuts
     D:6: 907 daAuts
     D:8: 894 daAuts
     D:3: 811 daAuts
     D:2: 636 daAuts
Gauntlet: 331 daAuts
   Sewer: 281 daAuts
    D:13: 56 daAuts
